| TOP OF THE 1ST |
|
Arkansas Travelers batting - Pitching for Trenton Thunder : RHP Troy DiFiore
|
|
Pitching: RHP Troy DiFiore
|
|
|
Batting: RHB Jasper Burd
|
0-0: Called Strike 0-1: Ball 1-1: Swinging Strike 1-2: Ball 2-2: SINGLE (Flyball, 4MD, EV 91.9 MPH)
|
|
Batting: RHB Bjoern Waltersson
|
0-0: Foul Ball, location: 2F 0-1: Called Strike 0-2: Ball 1-2: Ball 2-2: Ball 3-2: Foul Ball, location: 2F 3-2: DOUBLE (Line Drive, 3D, EV 100.6 MPH) Jasper Burd to third Runner from 3rd tries for Home, SAFE, throw by RF to home
|
|
Batting: RHB Andres Mendiola
|
0-0: Ball 1-0: Called Strike 1-1: Ball 2-1: Foul Ball, location: 2F 2-2: Ball 3-2: Base on Balls
|
|
Batting: LHB Matt Calitri
|
0-0: Called Strike 0-1: Called Strike 0-2: 3-RUN HOME RUN (Flyball, 8RXD, EV 111.2 MPH), Distance : 463 ft
|
|
Batting: RHB Oren Jones
|
0-0: Ball 1-0: Foul Ball, location: 2F 1-1: Ball 2-1: Foul Ball, location: 2F 2-2: Ball 3-2: Strikes out swinging
|
|
Batting: RHB Luis Romero
|
0-0: Ball 1-0: Ball 2-0: Swinging Strike 2-1: Called Strike 2-2: Strikes out looking
|
|
Batting: LHB Sean Corderman
|
0-0: Fly out, F7 (Flyball, 7LS, EV 90.6 MPH)
|
| Top of the 1st over - 4 runs, 3 hits, 0 errors, 0 left on base; Arkansas 4 - Trenton 0 |
| BOTTOM OF THE 1ST |
|
Trenton Thunder batting - Pitching for Arkansas Travelers : RHP Gus Morante
|
|
Pitching: RHP Gus Morante
|
|
|
Batting: LHB Frank Mullen
|
0-0: Ball 1-0: Ball 2-0: Called Strike 2-1: Ground out 4-3 (Groundball, 34D, EV 106.9 MPH)
|
|
Batting: LHB Matt Steinke
|
0-0: Ball 1-0: Ball 2-0: Ball 3-0: Foul Ball, location: 2F 3-1: Base on Balls
|
|
Batting: RHB Jeremy Lewis
|
0-0: Ball 1-0: Ball 2-0: Ball 3-0: Called Strike 3-1: Base on Balls Matt Steinke to second
|
|
Batting: RHB Ryan Alban
|
0-0: Called Strike 0-1: SINGLE (Groundball, 56S, EV 66.9 MPH) (infield hit) Matt Steinke to third Jeremy Lewis to second
|
|
Batting: RHB Alex Harvey
|
0-0: Fly out, F9 (Flyball, 9D, EV 94.4 MPH) Runner from 3rd tags up, SCORES, no throw by RF Jeremy Lewis to third
|
|
Batting: RHB Jeremy Hathcock
|
0-0: Ball 1-0: Called Strike 1-1: Swinging Strike 1-2: Strikes out swinging
|
| Bottom of the 1st over - 1 run, 1 hit, 0 errors, 2 left on base; Arkansas 4 - Trenton 1 |
| TOP OF THE 2ND |
|
Arkansas Travelers batting - Pitching for Trenton Thunder : RHP Troy DiFiore
|
|
Batting: RHB Tsega Haida
|
0-0: Ground out 6-3 (Groundball, 6, EV 89.4 MPH)
|
|
Batting: LHB Barrfhionn O'Toole
|
0-0: Ball 1-0: DOUBLE (Flyball, 8LXD, EV 95.6 MPH)
|
|
Batting: RHB Jasper Burd
|
0-0: Ball Barrfhionn O'Toole steals 3rd base 1-0: Ball 2-0: Ball 3-0: Base on Balls
|
|
Batting: RHB Bjoern Waltersson
|
0-0: Ball 1-0: Ball Jasper Burd is caught stealing 2nd base 2-4 2-0: Called Strike 2-1: Foul Ball, location: 2F 2-2: SINGLE (Line Drive, 7LS, EV 105.6 MPH) Barrfhionn O'Toole scores
|
|
Batting: RHB Andres Mendiola
|
0-0: Ball Bjoern Waltersson steals 2nd base 1-0: Ball 2-0: Foul Ball, location: 2F 2-1: Foul Ball, location: 2F 2-2: Foul Ball, location: 2F 2-2: Ball 3-2: Ground out 6-3 (Groundball, 6, EV 108.8 MPH)
|
| Top of the 2nd over - 1 run, 2 hits, 0 errors, 1 left on base; Arkansas 5 - Trenton 1 |
| BOTTOM OF THE 2ND |
|
Trenton Thunder batting - Pitching for Arkansas Travelers : RHP Gus Morante
|
|
Batting: SHB David Bantista
|
0-0: Fly out, F3 (Flyball, 34D, EV 86.9 MPH)
|
|
Batting: SHB Bobby Reynolds
|
0-0: Called Strike 0-1: Ball 1-1: Ball 2-1: Ball 3-1: Fly out, F4 (Popup, 34, EV 61.2 MPH)
|
|
Batting: RHB John Rodd
|
0-0: Called Strike 0-1: Called Strike 0-2: Foul Ball, location: 2F 0-2: Ball 1-2: Ball 2-2: Strikes out swinging
|
| Bottom of the 2nd over - 0 runs, 0 hits, 0 errors, 0 left on base; Arkansas 5 - Trenton 1 |
| TOP OF THE 3RD |
|
Arkansas Travelers batting - Pitching for Trenton Thunder : RHP Troy DiFiore
|
|
Batting: LHB Matt Calitri
|
0-0: Ground out 6-3 (Groundball, P, EV 88.1 MPH)
|
|
Batting: RHB Oren Jones
|
0-0: Ball 1-0: Swinging Strike 1-1: Ball 2-1: Foul Ball, location: 2F 2-2: Ball 3-2: Ground out 5-3 (Groundball, 56S, EV 86.9 MPH)
|
|
Batting: RHB Luis Romero
|
0-0: Called Strike 0-1: Ball 1-1: Called Strike 1-2: Strikes out swinging
|
| Top of the 3rd over - 0 runs, 0 hits, 0 errors, 0 left on base; Arkansas 5 - Trenton 1 |
| BOTTOM OF THE 3RD |
|
Trenton Thunder batting - Pitching for Arkansas Travelers : RHP Gus Morante
|
|
Batting: LHB Frank Mullen
|
0-0: Called Strike 0-1: Called Strike 0-2: Foul Ball, location: 2F 0-2: Ball 1-2: Foul Ball, location: 2F 1-2: Ball 2-2: Ground out 5-3 (Groundball, 6, EV 85.6 MPH)
|
|
Batting: LHB Matt Steinke
|
0-0: Ball 1-0: Foul Ball, location: 2F 1-1: Ball 2-1: Ball 3-1: Called Strike 3-2: Ground out 6-3 (Groundball, 6, EV 99.4 MPH)
|
|
Batting: RHB Jeremy Lewis
|
0-0: Foul Ball, location: 2F 0-1: Foul Ball, location: 2F 0-2: Ball 1-2: Strikes out swinging
|
| Bottom of the 3rd over - 0 runs, 0 hits, 0 errors, 0 left on base; Arkansas 5 - Trenton 1 |
| TOP OF THE 4TH |
|
Arkansas Travelers batting - Pitching for Trenton Thunder : RHP Troy DiFiore
|
|
Batting: LHB Sean Corderman
|
0-0: Ground out 6-3 (Groundball, 4, EV 80.0 MPH)
|
|
Batting: RHB Tsega Haida
|
0-0: Ball 1-0: Fly out, F7 (Flyball, 78D, EV 102.5 MPH)
|
|
Batting: LHB Barrfhionn O'Toole
|
0-0: Called Strike 0-1: Ball 1-1: Ball 2-1: Foul Ball, location: 2F 2-2: Fly out, F8 (Flyball, 8LM, EV 90.6 MPH)
|
| Top of the 4th over - 0 runs, 0 hits, 0 errors, 0 left on base; Arkansas 5 - Trenton 1 |
| BOTTOM OF THE 4TH |
|
Trenton Thunder batting - Pitching for Arkansas Travelers : RHP Gus Morante
|
|
Batting: RHB Ryan Alban
|
0-0: Called Strike 0-1: Ball 1-1: Ball 2-1: Foul Ball, location: 2F 2-2: Foul Ball, location: 2F 2-2: DOUBLE (Flyball, 8LXD, EV 96.2 MPH)
|
|
Batting: RHB Alex Harvey
|
0-0: Ball 1-0: Foul Ball, location: 2F 1-1: Ball 2-1: Ball Wild Pitch! Ryan Alban to third 3-1: Called Strike 3-2: Foul Ball, location: 2F 3-2: Foul Ball, location: 2F 3-2: Ground out 2-3 (Groundball, 2R, EV 64.4 MPH)
|
|
Batting: RHB Jeremy Hathcock
|
0-0: Ball 1-0: Ball 2-0: Ball 3-0: Called Strike 3-1: Base on Balls
|
|
Batting: SHB David Bantista
|
0-0: Ball 1-0: Ball 2-0: Foul Ball, location: 2F 2-1: Ball 3-1: Swinging Strike 3-2: SINGLE (Flyball, 56D, EV 88.1 MPH) Ryan Alban scores Jeremy Hathcock to second Jeremy Hathcock to third
|
|
Batting: SHB Bobby Reynolds
|
0-0: Ball 1-0: Fielders Choice at 2nd, 4-6 (Groundball, 4, EV 83.1 MPH) Jeremy Hathcock scores
|
|
Batting: RHB John Rodd
|
0-0: Ball 1-0: Ball 2-0: Fly out, F9 (Flyball, 89S, EV 88.1 MPH)
|
| Bottom of the 4th over - 2 runs, 2 hits, 0 errors, 1 left on base; Arkansas 5 - Trenton 3 |
| TOP OF THE 5TH |
|
Arkansas Travelers batting - Pitching for Trenton Thunder : RHP Troy DiFiore
|
|
Pitching: RHP Nick Howard
|
|
|
Batting: RHB Jasper Burd
|
0-0: Ball 1-0: Ball 2-0: Ball 3-0: Called Strike 3-1: Base on Balls
|
|
Batting: RHB Bjoern Waltersson
|
0-0: Called Strike 0-1: Ball 1-1: Ball 2-1: Fly out, F7 (Flyball, 7LS, EV 86.9 MPH)
|
|
Batting: RHB Andres Mendiola
|
0-0: Ball 1-0: Called Strike 1-1: Swinging Strike 1-2: Foul Ball, location: 2F 1-2: Fly out, F4 (Popup, 34, EV 81.2 MPH)
|
|
Batting: LHB Matt Calitri
|
0-0: Ball 1-0: Foul Ball, location: 2F 1-1: Fly out, F3 (Popup, 3SF, EV 85.6 MPH)
|
| Top of the 5th over - 0 runs, 0 hits, 0 errors, 1 left on base; Arkansas 5 - Trenton 3 |
| BOTTOM OF THE 5TH |
|
Trenton Thunder batting - Pitching for Arkansas Travelers : RHP Gus Morante
|
|
Batting: LHB Frank Mullen
|
0-0: Ball 1-0: Called Strike 1-1: Ball 2-1: Foul Ball, location: 2F 2-2: SINGLE (Groundball, 4D, EV 96.2 MPH)
|
|
Batting: LHB Matt Steinke
|
0-0: Ball 1-0: Ball 2-0: Ground out 6-3 (Groundball, P, EV 81.2 MPH) Frank Mullen to second
|
|
Batting: RHB Jeremy Lewis
|
0-0: Ball 1-0: Ball 2-0: Ball 3-0: Base on Balls
|
|
Batting: RHB Ryan Alban
|
0-0: Called Strike Frank Mullen is caught stealing 3rd base 2-5 0-1: Ball 1-1: Ball Jeremy Lewis is caught stealing 2nd base 2-4
|
| Bottom of the 5th over - 0 runs, 1 hit, 0 errors, 0 left on base; Arkansas 5 - Trenton 3 |
| TOP OF THE 6TH |
|
Arkansas Travelers batting - Pitching for Trenton Thunder : RHP Nick Howard
|
|
Batting: RHB Oren Jones
|
0-0: Ball 1-0: Called Strike 1-1: Ball 2-1: Ball 3-1: Swinging Strike 3-2: Fly out, F7 (Flyball, 78S, EV 85.6 MPH)
|
|
Batting: RHB Luis Romero
|
0-0: Swinging Strike 0-1: Ball 1-1: DOUBLE (Groundball, 3L, EV 101.2 MPH)
|
|
Batting: LHB Sean Corderman
|
0-0: Called Strike 0-1: Ground out 4-3 (Groundball, 4D, EV 98.8 MPH) Luis Romero to third
|
|
Batting: RHB Tsega Haida
|
0-0: Foul Ball, location: 2F 0-1: Ball 1-1: Foul Ball, location: 2F 1-2: Ground out 5-3 (Groundball, 56, EV 100.0 MPH)
|
| Top of the 6th over - 0 runs, 1 hit, 0 errors, 1 left on base; Arkansas 5 - Trenton 3 |
| BOTTOM OF THE 6TH |
|
Trenton Thunder batting - Pitching for Arkansas Travelers : RHP Gus Morante
|
|
Pitching: RHP Jason Smallwood
|
|
|
Batting: RHB Ryan Alban
|
0-0: Called Strike 0-1: Foul Ball, location: 2F 0-2: Ball 1-2: Ball 2-2: Fly out, F7 (Flyball, 7D, EV 86.2 MPH)
|
|
Batting: RHB Alex Harvey
|
0-0: Ball 1-0: Ball 2-0: Ball 3-0: Fly out, F9 (Line Drive, 9D, EV 96.9 MPH)
|
|
Batting: RHB Jeremy Hathcock
|
0-0: Called Strike 0-1: Called Strike 0-2: Ball 1-2: Ground out 6-3 (Groundball, 6D, EV 102.5 MPH)
|
| Bottom of the 6th over - 0 runs, 0 hits, 0 errors, 0 left on base; Arkansas 5 - Trenton 3 |
| TOP OF THE 7TH |
|
Arkansas Travelers batting - Pitching for Trenton Thunder : RHP Nick Howard
|
|
Pitching: LHP Travis Lowy
|
|
|
Batting: LHB Barrfhionn O'Toole
|
0-0: Ball 1-0: Foul Ball, location: 2F 1-1: Foul Ball, location: 2F 1-2: Ball 2-2: Ball 3-2: Ground out U3 (Groundball, 34S, EV 83.8 MPH)
|
|
Batting: RHB Jasper Burd
|
0-0: Foul Ball, location: 2F 0-1: Ball 1-1: SINGLE (Groundball, 4MD, EV 102.5 MPH)
|
|
Batting: RHB Bjoern Waltersson
|
0-0: Ball 1-0: SINGLE (Flyball, 4D, EV 88.8 MPH) Jasper Burd to second
|
|
Batting: RHB Andres Mendiola
|
0-0: Called Strike 0-1: Swinging Strike 0-2: Ball 1-2: Ball 2-2: Fly out, F8 (Flyball, 89D, EV 101.9 MPH)
|
|
Batting: LHB Matt Calitri
|
0-0: Ball 1-0: Foul Ball, location: 2F 1-1: Ground out 4-3 (Groundball, 4, EV 86.2 MPH)
|
| Top of the 7th over - 0 runs, 2 hits, 0 errors, 2 left on base; Arkansas 5 - Trenton 3 |
| BOTTOM OF THE 7TH |
|
Trenton Thunder batting - Pitching for Arkansas Travelers : RHP Jason Smallwood
|
|
Now at 1B: Oren Jones
|
|
|
Now at 2B: Andy White
|
|
|
Now at SS: Jasper Burd
|
|
|
Batting: SHB David Bantista
|
0-0: Called Strike 0-1: Ball 1-1: Ball 2-1: Called Strike 2-2: Ball 3-2: Foul Ball, location: 2F 3-2: Foul Ball, location: 2F 3-2: Strikes out swinging
|
|
Batting: SHB Bobby Reynolds
|
0-0: Ball 1-0: Ball 2-0: Called Strike 2-1: Foul Ball, location: 2F 2-2: Foul Ball, location: 2F 2-2: Ball 3-2: Fly out, F9 (Flyball, 9LS, EV 88.1 MPH)
|
|
Batting: RHB John Rodd
|
0-0: Foul Ball, location: 2F 0-1: Fly out, F9 (Flyball, 9S, EV 76.2 MPH)
|
| Bottom of the 7th over - 0 runs, 0 hits, 0 errors, 0 left on base; Arkansas 5 - Trenton 3 |
| TOP OF THE 8TH |
|
Arkansas Travelers batting - Pitching for Trenton Thunder : LHP Travis Lowy
|
|
Batting: RHB Oren Jones
|
0-0: Called Strike 0-1: Ball 1-1: Fly out, F8 (Line Drive, 8RM, EV 98.8 MPH)
|
|
Batting: RHB Luis Romero
|
0-0: Ball 1-0: Ground out 6-3 (Groundball, P, EV 90.0 MPH)
|
|
Batting: RHB Andy White
|
0-0: Foul Ball, location: 2F 0-1: Ball 1-1: Ground out 6-3 (Groundball, 6, EV 92.5 MPH)
|
| Top of the 8th over - 0 runs, 0 hits, 0 errors, 0 left on base; Arkansas 5 - Trenton 3 |
| BOTTOM OF THE 8TH |
|
Trenton Thunder batting - Pitching for Arkansas Travelers : RHP Jason Smallwood
|
|
Pitching: LHP Tim Siddens
|
|
|
Batting: LHB Frank Mullen
|
0-0: Called Strike 0-1: Ball 1-1: Swinging Strike 1-2: Ball 2-2: SINGLE (Groundball, 34D, EV 97.5 MPH)
|
|
Batting: SHB Cristiano SerrĂ£o
|
0-0: Called Strike 0-1: Ball 1-1: Foul Ball, location: 2F 1-2: Foul Ball, location: 2F 1-2: Ball 2-2: 2-RUN HOME RUN (Flyball, 89XD, EV 110.0 MPH), Distance : 424 ft
|
|
Batting: RHB Jeremy Lewis
|
0-0: Ball 1-0: Foul Ball, location: 2F 1-1: Foul Ball, location: 2F 1-2: Strikes out swinging
|
|
Batting: RHB Ryan Alban
|
0-0: Ball 1-0: Called Strike 1-1: Ball 2-1: Swinging Strike 2-2: Foul Ball, location: 2F 2-2: Foul Ball, location: 2F 2-2: Ball 3-2: Foul Ball, location: 2F 3-2: Strikes out swinging
|
|
Batting: RHB Alex Harvey
|
0-0: SINGLE (Groundball, 56D, EV 100.6 MPH)
|
|
Batting: RHB Jeremy Hathcock
|
0-0: Called Strike 0-1: Foul Ball, location: 2F 0-2: Ball 1-2: Foul Ball, location: 2F 1-2: Strikes out swinging
|
| Bottom of the 8th over - 2 runs, 3 hits, 0 errors, 1 left on base; Arkansas 5 - Trenton 5 |
| TOP OF THE 9TH |
|
Arkansas Travelers batting - Pitching for Trenton Thunder : LHP Travis Lowy
|
|
Pitching: RHP Jeff Katechis
|
|
|
Batting: RHB Tsega Haida
|
0-0: Swinging Strike 0-1: Swinging Strike 0-2: Ball 1-2: Strikes out looking
|
|
Batting: LHB Barrfhionn O'Toole
|
0-0: Called Strike 0-1: DOUBLE (Line Drive, 7LM, EV 98.1 MPH)
|
|
Batting: RHB Jasper Burd
|
0-0: Called Strike 0-1: Called Strike Barrfhionn O'Toole steals 3rd base 0-2: Ball 1-2: Ball 2-2: Ball 3-2: Fly out, F8 (Flyball, 8RD, EV 90.6 MPH) Runner from 3rd tags up, SCORES, throw by CF
|
|
Batting: RHB Bjoern Waltersson
|
0-0: Ball 1-0: Ball 2-0: Ball 3-0: Called Strike 3-1: Base on Balls
|
|
Batting: RHB Andres Mendiola
|
0-0: Ball Bjoern Waltersson steals 2nd base 1-0: Swinging Strike 1-1: Called Strike Bjoern Waltersson steals 3rd base (no throw) 1-2: Strikes out swinging
|
| Top of the 9th over - 1 run, 1 hit, 0 errors, 1 left on base; Arkansas 6 - Trenton 5 |
| BOTTOM OF THE 9TH |
|
Trenton Thunder batting - Pitching for Arkansas Travelers : LHP Tim Siddens
|
|
Pitching: RHP Harambe Vick
|
|
|
Batting: SHB David Bantista
|
0-0: Ball 1-0: Ball 2-0: Fly out, F2 (Popup, 23F, EV 90.6 MPH)
|
|
Batting: SHB Bobby Reynolds
|
0-0: Ball 1-0: Foul Ball, location: 2F 1-1: Called Strike 1-2: Foul Ball, location: 2F 1-2: Ball 2-2: Ball 3-2: Foul Ball, location: 2F 3-2: Strikes out swinging
|
|
Batting: RHB John Rodd
|
0-0: Ground out 4-3 (Groundball, 34D, EV 102.5 MPH)
|
| Bottom of the 9th over - 0 runs, 0 hits, 0 errors, 0 left on base; Arkansas 6 - Trenton 5 |
|